 Dungeon Crawl Stone Soup version 0.25.0-26-g0c896c7088 (webtiles) character file.

Game seed: 3330970005545625485

2295 protoss039 the Cleaver (level 9, -6/75 HPs)
             Began as a Minotaur Fighter on July 3, 2020.
             Was a Believer of Okawaru.
             Mangled by a killer bee (7 damage)
             ... on level 7 of the Dungeon.
             The game lasted 00:08:42 (5126 turns).

protoss039 the Cleaver (Minotaur Fighter)           Turns: 5126, Time: 00:08:43

Health: -6/75      AC: 17    Str: 24    XL:     9   Next: 17%
Magic:  18/18      EV:  7    Int: 10    God:    Okawaru [**....]
Gold:   330        SH: 11    Dex: 10    Spells: 8/8 levels left

rFire    + . .     SeeInvis .   t - +3 mace of Vukeacke {vorpal, rPois rF+ rC+ MP+9}
rCold    + . .     Gourm    .   c - +0 kite shield
rNeg     . . .     Faith    .   x - +5 chain mail of Cuonunie {Int+5}
rPois    +         Spirit   .   (helmet restricted)
rElec    .         Reflect  .   A - +0 cloak
rCorr    .         Harm     .   (no gloves)
MR       .....                  (no boots)
Stlth    ..........             (no amulet)
HPRegen  0.22/turn              (no ring)
MPRegen  0.16/turn              (no ring)

@: lethally poisoned (-6 -> -14), stab
A: retaliatory headbutt, horns 2
a: Heroism, Renounce Religion


You were on level 7 of the Dungeon.
You worshipped Okawaru.
Okawaru was pleased with you.
You were not hungry.

You visited 2 branches of the dungeon, and saw 8 of its levels.

You collected 330 gold pieces.

Inventory:

Hand Weapons
 t - the +3 mace of Vukeacke (weapon) {vorpal, rPois rF+ rC+ MP+9}
   (You found it on level 6 of the Dungeon)

   It inflicts extra damage upon your enemies.
   It protects you from fire.
   It protects you from cold.
   It protects you from poison.
   It affects your magic capacity (+9).
 C - a +2 war axe of flaming
Armour
 c - a +0 kite shield (worn)
 x - the +5 chain mail of Cuonunie (worn) {Int+5}
   (You found it on level 6 of the Dungeon)

   It affects your intelligence (+5).
 A - a +0 cloak (worn)
Wands
 p - a wand of digging (4)
 u - a wand of random effects (5)
 v - a wand of disintegration (10)
 w - a wand of clouds (3)
Scrolls
 b - 4 scrolls of remove curse {unknown}
 g - 4 scrolls of identify {unknown}
 h - 2 scrolls of magic mapping {unknown}
 k - a scroll of blinking {unknown}
 m - a scroll of noise {unknown}
 n - a scroll of fog {unknown}
 s - a scroll of amnesia {unknown}
 y - a scroll of teleportation {unknown}
 B - a scroll of fear {unknown}
Potions
 d - 3 potions of might
 j - a potion of degeneration {unknown}
 l - 2 potions of curing {unknown}
 o - 2 potions of stabbing
 q - a potion of cancellation {unknown}
 r - a potion of haste
 z - a potion of magic
Comestibles
 f - 7 rations
 i - 6 chunks of flesh


   Skills:
 + Level 6.0 Fighting
 - Level 8.5(9.0) Axes
 * Level 4.2(6.9) Maces & Flails
 + Level 7.6 Armour
 + Level 7.8 Shields
 * Level 2.5 Invocations


You had 8 spell levels left.
You didn't know any spells.
Your spell library contained the following spells:

 Spells                   Type           Power        Failure   Level  Hunger
 Shock                    Conj/Air       #...         99%         1    ##.....
 Swiftness                Chrm/Air       #.......     100%        2    ###....
 Static Discharge         Conj/Air       #.......     100%        3    ####...
 Airstrike                Air            #.........   100%        4    #####..
 Lightning Bolt           Conj/Air       #.........   100%        5    ######.


Dungeon Overview and Level Annotations

Branches:
Dungeon (7/15)             Temple (1/1) D:4

Altars:
Ashenzari
Cheibriados
Dithmenos
Elyvilon
Fedhas
Gozag
Hepliaklqana
Kikubaaqudgha
Makhleb
Okawaru
Qazlal
Ru
Sif Muna
Trog
Uskayaw
Vehumet
Wu Jian
Xom
Yredelemnul
Zin
The Shining One

Shops:
D:5 (

Annotations:
D:3 2 runed translucent doors, Karim's ghost, amateur GnGl
D:4 2 transporters, LaGuigne83's ghost, amateur DDFi


Innate Abilities, Weirdness & Mutations

You reflexively headbutt those who attack you in melee.
You have a pair of horns on your head.


Message History

The killer bee stings you but does no damage.
Unknown command.
You miss the killer bee.
The killer bee is heavily wounded.
The killer bee stings you but does no damage.
The killer bee stings you.
* * * LOW HITPOINT WARNING * * *
The killer bee stings you!
* * * LOW HITPOINT WARNING * * *
You are more poisoned.
The killer bee poisons you!
Unknown command.
Unknown command.
Okay, then.
Okay, then.
It was a potion of stabbing.
You feel ready to backstab.
* * * LOW HITPOINT WARNING * * *
You feel sick. The killer bee stings you!
You die...

....##...>.......
.................
.................#..
.................#.
....[..............
............#.....
......y†...##)..#
......†@.÷..#..####
.....###÷[..#...#)###
... ##......)....## .
##...#.......#
#...##......##
##.####.##.##
.........###
....#..#...#
##.)..>.....#


You could see a killer bee.

Vanquished Creatures
  Maggie (D:7)
  Grinder (D:5)
  Sigmund (D:3)
  Menkaure (D:5)
  Edmund (D:5)
  2 orc warriors (D:6)
  A sky beast (D:6)
  A centaur (D:6)
  An ogre (D:6)
  2 bullfrogs (D:7)
  5 killer bees (D:7)
  2 crimson imps (D:5)
  3 hounds
  A gnoll shaman (D:5)
  Crazy Yiuf (D:6)
  3 orc wizards
  2 iguanas
  Ijyb (D:3)
  Terence (D:2)
  3 worker ants
  A killer bee zombie (D:5)
  A hound zombie (D:5)
  A howler monkey skeleton (D:4)
  8 gnolls
  5 adders
  2 shadow imps
  An ooze (D:1)
  An adder zombie (D:5)
  2 worms (D:3)
  3 dart slugs
  7 leopard geckos
  16 orcs
  3 ball pythons
  5 giant cockroaches
  7 goblins
  4 hobgoblins
  3 jackals (D:4)
  8 kobolds
  6 bats
  3 frilled lizards
  A jackal zombie (D:6)
  A leopard gecko zombie (D:3)
  6 rats
129 creatures vanquished.

Notes
Turn   | Place    | Note
-------+----------+-------------------------------------------
     0 | D:1      | protoss039 the Minotaur Fighter began the quest for the
                  | Orb.
     0 | D:1      | Reached XP level 1. HP: 19/19 MP: 0/0
    16 | D:1      | Noticed a crocodile
    16 | D:1      | Noticed a swamp worm
    16 | D:1      | Noticed a swamp drake
    16 | D:1      | Noticed a salamander
   158 | D:1      | Reached XP level 2. HP: 27/27 MP: 1/1
   661 | D:1      | Reached XP level 3. HP: 33/33 MP: 2/2
   811 | D:2      | Reached skill level 3 in Axes
   914 | D:2      | Noticed Terence
   920 | D:2      | Killed Terence
   920 | D:2      | Reached XP level 4. HP: 40/40 MP: 3/3
  1145 | D:3      | Noticed Sigmund
  1161 | D:3      | Killed Sigmund
  1161 | D:3      | Reached skill level 4 in Axes
  1161 | D:3      | Reached skill level 5 in Armour
  1161 | D:3      | Reached skill level 5 in Shields
  1161 | D:3      | Reached XP level 5. HP: 42/46 MP: 4/4
  1246 | D:3      | Found a runed translucent door.
  1246 | D:3      | Found a white marble altar of Elyvilon.
  1246 | D:3      | Noticed an angel
  1250 | D:3      | Found a runed translucent door.
  1250 | D:3      | Noticed Karim's ghost (amateur GnGl)
  1341 | D:3      | Reached XP level 6. HP: 46/53 MP: 5/5
  1362 | D:3      | Reached skill level 5 in Axes
  1417 | D:3      | Found an ornate altar of the Wu Jian Council.
  1424 | D:3      | Noticed Ijyb
  1432 | D:3      | Killed Ijyb
  1551 | D:3      | Found a bloodstained altar of Trog.
  1560 | D:3      | Found a faded altar of an unknown god.
  1838 | D:4      | Noticed LaGuigne83's ghost (amateur DDFi)
  1895 | D:4      | Found a staircase to the Ecumenical Temple.
  2087 | Temple   | Entered the Ecumenical Temple
  2192 | Temple   | Became a worshipper of Warmaster Okawaru
  2330 | D:4      | Reached skill level 6 in Axes
  2439 | D:4      | Reached XP level 7. HP: 57/60 MP: 6/6
  2476 | D:4      | Found a transporter.
  2483 | D:4      | Found a transporter.
  2578 | D:5      | Entered Level 5 of the Dungeon
  2850 | D:5      | Found a burning altar of Makhleb.
  2865 | D:5      | Found Ziset's Weapon Shop.
  2977 | D:5      | Noticed Menkaure
  2984 | D:5      | Killed Menkaure
  3277 | D:5      | Noticed Grinder
  3290 | D:5      | Noticed Edmund
  3327 | D:5      | Killed Edmund
  3327 | D:5      | Reached * piety under Okawaru
  3327 | D:5      | Reached skill level 5 in Fighting
  3327 | D:5      | Reached skill level 7 in Axes
  3330 | D:5      | Killed Grinder
  3330 | D:5      | Reached XP level 8. HP: 56/68 MP: 7/7
  3546 | D:5      | Found a shattered altar of Ashenzari.
  3765 | D:6      | Reached skill level 8 in Axes
  3837 | D:6      | Got a heavily runed chain mail
  3848 | D:6      | Identified the +5 chain mail of Cuonunie {Int+5} (You found
                  | it on level 6 of the Dungeon)
  4021 | D:6      | Found a runed translucent door.
  4030 | D:6      | Noticed Crazy Yiuf
  4034 | D:6      | Killed Crazy Yiuf
  4041 | D:6      | Got a jewelled mace
  4051 | D:6      | Identified the +3 mace of Vukeacke {vorpal, rPois rF+ rC+
                  | MP+9} (You found it on level 6 of the Dungeon)
  4532 | D:6      | Reached skill level 1 in Maces & Flails
  4532 | D:6      | Reached skill level 1 in Invocations
  4648 | D:6      | Reached ** piety under Okawaru
  5005 | D:7      | Noticed Maggie
  5035 | D:7      | Killed Maggie
  5035 | D:7      | Reached XP level 9. HP: 49/75 MP: 9/9
  5125 | D:7      | HP: 2/75 [killer bee (7)]
  5126 | D:7      | Mangled by a killer bee

Illustrated notes

Levels and vault maps discovered:
D:1:      onia_arrival_zoo_common, layout_loops_ring, grunt_decor_resistance
D:2:      layout_basic, first_ration, uniq_terence
D:3:      layout_basic, overflow_temple_1_default, bloody_trog,
          chequers_ecumenical_altar_simple, hellmonk_ghost_happy_afterlife,
          lemuel_angel_altar, uniq_sigmund, uniq_ijyb
D:4:      layout_loops_ring, minmay_temple_entry_sparse_star,
          gammafunk_ghost_stat_death
D:5:      layout_loops_ring, lemuel_coloured_pillars_altar, basic_altar,
          serial_rivers, chequers_serial_rivers_micro_b,
          chequers_serial_rivers_small_a, chequers_serial_rivers_micro_c,
          chequers_serial_rivers_micro_a, chequers_serial_rivers_small_3,
          chequers_serial_rivers_small_b, serial_shops, nicolae_shop_stone,
          uniq_edmund, uniq_menkaure, uniq_grinder
D:6:      layout_basic, uniq_crazy_yiuf_cottage
D:7:      layout_cave_pools, nemelex_xobeh_ov_fountains_minmay, uniq_maggie
Temple:   dpeg_five_rooms_temple

Skill      XL: |  1  2  3  4  5  6  7  8  9 |
---------------+----------------------------+-----
Armour         | 4 5 6 7 |  7.6
Shields        | 4 5 6 7 |  7.8
Fighting       | 4 5 6 |  6.0
Axes           | 3 4 6 7 8 |  8.5
Maces & Flails | 3 4 |  4.2
Invocations    | 2 |  2.5

Action                   |  1- 3 |  4- 6 |  7- 9 || total
-------------------------+-------+-------+-------++-------
Melee: War axe           |    71 |   156 |   117 ||   344
       Headbutt          |    10 |    36 |    44 ||    90
       Mace              |       |       |    82 ||    82
Invok: Heroism           |       |       |     1 ||     1
  Use: Potion            |       |       |     8 ||     8
  Eat: Chunk             |       |     4 |     7 ||    11
       Ration            |       |       |     1 ||     1
Armor: Scale mail        |     3 |       |       ||     3
       Plate armour      |    40 |    89 |    52 ||   181
       Chain mail        |       |       |    83 ||    83
Dodge: Dodged            |    16 |    23 |    71 ||   110
Block: Kite shield       |    48 |    70 |   139 ||   257
